 Dungeon Crawl Stone Soup version 0.31-a0-1529-g7bd419a0e5 (webtiles) character file.

Game seed: 2459749539333256879

71 LeprechaunX the Changeling (level 4, -3/29 HPs)
             Began as an Octopode Shapeshifter on Jan 1, 2024.
             Slain by a cerulean imp
             ... wielding a +1 spear
             ... summoned by Natasha
              (4 damage)
             ... on level 2 of the Dungeon.
             The game lasted 00:01:33 (940 turns).

LeprechaunX the Changeling (Octopode Shapeshifter)   Turns: 940, Time: 00:01:35

Health: -3/29      AC:  1    Str: 13    XL:     4   Next: 24%
Magic:  4/4        EV: 13    Int: 12    God:
Gold:   65         SH:  0    Dex: 13    Spells: 3/3 levels left

rFire   . .          .
                       - Unarmed
rCold   . . .        (no shield)
rNeg    + . .        (helmet currently unavailable)
rPois   .            (no amulet)
rElec   .            g - ring of positive energy
rCorr   .            (no ring)
SInv    .            (no ring)
Will    .....        (no ring)
Stlth   ++           (no ring)
HPRegen 0.24/turn    (no ring)
MPRegen 0.09/turn    (no ring)
                     (no ring)

%: no passive effects
@: beast-form
A: beast (slay +2), almost no armour, amphibious, 8 rings, camouflage 1,
gelatinous body 1, (nimble swimmer 1), tentacles
a: Begin Untransformation


You were on level 2 of the Dungeon.
You were a hulking beast.
You visited 1 branch of the dungeon, and saw 2 of its levels.

You collected 65 gold pieces.

Inventory:

Jewellery
 g - a ring of positive energy (left tentacle)
Talismans
 b - a beast talisman
 c - a flux talisman
Scrolls
 d - a scroll of teleportation {unknown}
 f - a scroll of brand weapon {unknown}
 h - a scroll of identify {unknown}
Potions
 a - a potion of lignification
 e - 2 potions of might {unknown}
 i - a potion of curing {unknown}
 j - a potion of brilliance {unknown}
 k - a potion of magic {unknown}


   Skills:
 + Level 2.1 Fighting
 - Level 2.0 Dodging
 + Level 3.5 Unarmed Combat
 * Level 3.9 Shapeshifting


You had 3 spell levels left.
You didn't know any spells.
Your spell library contained the following spells:

 Spells                   Type           Power      Damage    Failure   Level
 Animate Dead             Necr           0%         N/A       97%         4
 Borgnjor's Vile Clutch   Necr/Erth      0%         N/A       100%        5
 Death Channel            Necr           0%         N/A       100%        6


Dungeon Overview and Level Annotations

Branches:
Dungeon (2/15)

Altars:

Shops:
D:2 =

Annotations:
D:2 Natasha


Innate Abilities, Weirdness & Mutations

You are a hulking beast.
Your limbs bulge with bestial killing power. (Slay +2)
You cannot wear most types of armour.
You are amphibious.
You can wear up to eight rings at the same time.
Your skin changes colour to match your surroundings (Stealth+).
Your rubbery body absorbs attacks. (AC +1, EV +1)
((You are camouflaged when in or above water. (Stealth+)))
You have tentacles for arms and can constrict up to eight enemies at once.


Message History

You tentacle-slap the jackal.
Your tentacle-slap misses the jackal.
You squeeze the jackal.
You kill the jackal!
The jackal bites you. Natasha claws you. The jackal bites you.
You closely miss Natasha. Your grab misses Natasha. You squeeze Natasha.
Natasha is lightly wounded.
The jackal bites you. Natasha barely misses you.
You closely miss Natasha. Your grab misses Natasha.
Natasha is lightly wounded.
The jackal bites you.
You tentacle-slap Natasha. Your grab misses Natasha.
Your squeeze misses Natasha.
Natasha is heavily wounded.
The jackal bites you. Natasha misses you.
You tentacle-slap Natasha but do no damage.
Your grab misses Natasha.
Natasha is moderately wounded.
The jackal bites you. The orc barely misses you. Natasha barely misses you.
The jackal misses you.
You barely miss Natasha. Your grab misses Natasha.
Natasha is moderately wounded.
Natasha claws you. The orc misses you. The jackal completely misses you.
Natasha mumbles some strange words.
The orc attacks as it pursues you! The orc barely misses you.
You barely miss the orc. Your grab misses the orc.
The jackal closely misses you. The orc hits you with a +0 hand axe.
The jackal bites you.
You tentacle-slap the orc. Your grab misses the orc. You squeeze the orc.
You kill the orc!
Natasha howls an incantation.
You feel disoriented.
Natasha casts a spell.
The jackal closely misses you.
You barely miss the jackal. Your grab misses the jackal.
The jackal closely misses you. Natasha casts a spell at you.
The magic dart hits you!
* * * LOW HITPOINT WARNING * * *
The cerulean imp hits you from afar with a +1 spear.
You die...

....#########..#.#
.................##
...†.....).....)..##
.†...)...<...##..).#
..###^...#.#..##.#..# ..#
#....#∩##....# .# ###
#.###.)..#.####..# #...
#........#.# #..# ..###
#......###.####.h##).....
................)h.......
.................h5......
........##.#...5.......##
........##.#####.##...##
........# #.# ...#
........# #.# ...#
........## ####..#.>.#
...<..... .##...#.....# .


You could see Natasha, 2 cerulean imps and a jackal.

Vanquished Creatures
  Jessica (D:2)
  An adder (D:2)
  A dart slug (D:1)
  An orc (D:2)
  2 endoplasms (D:1)
  2 giant cockroaches (D:2)
  5 goblins
  3 hobgoblins (D:1)
  2 jackals (D:2)
  A quokka (D:1)
  2 ball pythons (D:1)
  3 bats
  2 frilled lizards (D:1)
  4 kobolds
  3 rats (D:1)
33 creatures vanquished.

Notes
Turn   | Place    | Note
-------+----------+-------------------------------------------
     0 | D:1      | LeprechaunX the Octopode Shapeshifter began the quest for
                  | the Orb.
     0 | D:1      | Reached XP level 1. HP: 13/13 MP: 1/1
   111 | D:1      | Reached XP level 2. HP: 18/18 MP: 2/2
   699 | D:2      | Reached XP level 3. HP: 23/23 MP: 3/3
   713 | D:2      | Noticed Jessica
   721 | D:2      | Killed Jessica
   863 | D:2      | Found Jyxoa's Jewellery Shop.
   874 | D:2      | Reached XP level 4. HP: 23/29 MP: 4/4
   926 | D:2      | Noticed Natasha
   940 | D:2      | HP: 1/29 [Natasha/magic dart (10)]
   940 | D:2      | Slain by a cerulean imp

Illustrated notes

Levels and vault maps discovered:
D:1:      nzn_arrival_depleted_hourglass, layout_basic
D:2:      cheibrodos_pilgrimage, layout_rooms, serial_shops, shop,
          supply_closet_lemuel, uniq_crazy_yiuf_cottage, uniq_natasha,
          uniq_jessica

Skill      XL: |  1  2  3 |
---------------+----------+-----
Fighting       | 2 |  2.1
Dodging        | |  2.0
Unarmed Combat | |  3.5
Shapeshifting  | |  3.9

Action                     |  1- 3 |  4- 6 || total
---------------------------+-------+-------++-------
  Melee: Unarmed           |    49 |    19 ||    68
         Constrict         |    10 |     3 ||    13
         Tentacles         |     6 |     5 ||    11
   Stab: Sleeping          |     6 |       ||     6
 Armour: Skin              |    21 |    18 ||    39
  Dodge: Dodged            |    33 |    24 ||    57

Table legend: (Time is in decaauts)
 A = Elapsed time spent in this place.
 B = Non-inter-level travel time spent in this place.
 C = Inter-level travel time spent in this place.
 D = Time resting spent in this place.
 E = Time spent auto-exploring this place.
 F = Levels seen in this place.
 G = Mean time per level.
                   A        B        C        D        E       F      G
               +--------+--------+--------+--------+--------+-----+--------+
         Total |    935 |    871 |     64 |     64 |    612 |   2 |  467.5 |
       Dungeon |    935 |    871 |     64 |     64 |    612 |   2 |  467.5 |
               +--------+--------+--------+--------+--------+-----+--------+

Top non-repeatable levels by time:
     D:1: 814 daAuts
     D:2: 120 daAuts
